 Dungeon Crawl Stone Soup version 0.21.1-1-g345015f (webtiles) character file.

1049 diana the Cleaver (level 8, -4/64 HPs)
             Began as a Hill Orc Fighter on June 9, 2018.
             Slain by an orc warrior
             ... wielding a +0 battleaxe
              (15 damage)
             ... on level 6 of the Dungeon.
             The game lasted 00:07:05 (4733 turns).

diana the Cleaver (Hill Orc Fighter)                Turns: 4733, Time: 00:07:06

Health: -4/64      AC:  6    Str: 21    XL:     8   Next: 25%
Magic:  0/0        EV:  7    Int: 14    God:
Gold:   287        SH:  9    Dex: 10    Spells: 7/7 levels left

rFire    . . .     SeeInvis .   w - +7 mace "Obleicw" {crush, rPois MP-9 Int+6 Stlth+}
rCold    . . .     Gourm    .   c - +0 shield
rNeg     . . .     Faith    .   b - +0 scale mail
rPois    +         Spirit   +   (no helmet)
rElec    .         Reflect  .   (no cloak)
rCorr    .         Harm     .   (no gloves)
MR       .....                  (no boots)
Stlth    +.........             h - amulet of guardian spirit
HPRegen  0.20/turn              (no ring)
MPRegen  0.07/turn              (no ring)

@: no status effects
A: no striking features
a: no special abilities


You were on level 6 of the Dungeon.
You were very hungry.

You visited 1 branch of the dungeon, and saw 6 of its levels.

You collected 287 gold pieces.

Inventory:

Hand Weapons
 a - a +0 war axe
 w - the +7 mace "Obleicw" (weapon) {crush, rPois MP-9 Int+6 Stlth+}
   (You took it off a hobgoblin on level 4 of the Dungeon)

   It inflicts extra damage upon your enemies.
   It affects your intelligence (+6).
   It protects you from poison.
   It affects your magic capacity (-9).
   It makes you more stealthy.
Armour
 b - a +0 scale mail (worn)
 c - a +0 shield (worn)
Jewellery
 h - an amulet of guardian spirit (around neck)
 n - an uncursed ring of protection from cold {unknown}
 t - an uncursed ring of protection from cold {unknown}
 x - a +3 ring of strength {unknown}
Wands
 p - a wand of polymorph (19)
 y - a wand of digging (14)
Scrolls
 e - 3 scrolls of remove curse {unknown}
 g - 9 scrolls of identify {unknown}
 k - a scroll of teleportation {unknown}
 q - a scroll of enchant armour {unknown}
 s - a scroll of fear {unknown}
 z - a scroll of immolation {unknown}
 A - a scroll of magic mapping {unknown}
 B - a scroll of random uselessness {unknown}
 D - a scroll of noise {unknown}
Potions
 d - a potion of might
 i - 2 potions of magic {unknown}
 j - a potion of berserk rage {unknown}
 l - 3 potions of curing
 m - a potion of resistance {unknown}
 o - 4 potions of degeneration {unknown}
 r - a potion of haste
 v - a potion of invisibility
 C - a potion of agility {unknown}
Books
 u - a book of Maledictions

   Spells                             Type                      Level
   a - Corona                         Hexes                        1
   b - Ensorcelled Hibernation        Hexes/Ice                    2
   c - Confuse                        Hexes                        3
   d - Tukima's Dance                 Hexes                        3
   e - Dazzling Spray                 Conjuration/Hexes            3
Comestibles
 f - 9 rations


   Skills:
 - Level 3.6 Fighting
 + Level 12.2 Axes
 - Level 3.2 Armour
 - Level 3.2 Shields


You had 7 spell levels left.
You didn't know any spells.

Dungeon Overview and Level Annotations

Branches:
Dungeon (6/15)
 Temple: D:4-7

Altars:
Fedhas
Hepliaklqana
Nemelex Xobeh
Qazlal
Sif Muna
Zin

Annotations:
D:5 Pikel


Message History

You kill the orc!
The orc wizard casts a spell.
The orc wizard blinks!
You hit the orc warrior.
The orc warrior is moderately wounded.
The orc warrior hits you with a battleaxe!!
You are too injured to fight recklessly!
You are too injured to fight recklessly!
You feel better.
The orc warrior hits you with a battleaxe!
* * * LOW HITPOINT WARNING * * *
You feel better. You block the orc warrior's attack.
You hit the orc warrior.
The orc warrior is heavily wounded.
The orc warrior hits you with a battleaxe!
* * * LOW HITPOINT WARNING * * *
You hit the orc warrior.
The orc warrior is severely wounded.
The orc warrior hits you with a battleaxe!
You die...

#.# ## #..#
.## ##..#
..%####..#
....#...#
#.....##
#o....##
##@...<.###
##.........#
#......##...#
#..#...#
##...#
#..##...# ...
#..# ##..# ..
...# #..# .
#.. #... ##
#....


You could see an orc warrior.

Vanquished Creatures
  A centaur (D:4)
  Blork the orc (D:4)
  A water moccasin skeleton (D:6)
  A crimson imp (D:5)
  5 hounds
  6 orc priests
  A bullfrog skeleton (D:4)
  A bullfrog zombie (D:5)
  2 orc wizards (D:4)
  Jessica (D:2)
  Ijyb (D:4)
  Natasha (twice) (D:4)
  3 worker ants
  Robin (D:4)
  3 gnolls (D:5)
  3 adders
  A shadow imp (D:5)
  5 worms
  5 leopard geckos
  16 orcs
  6 bats
  6 giant cockroaches
  17 hobgoblins
  6 jackals
  8 kobolds
  A quokka (D:2)
  A ball python (D:1)
  5 frilled lizards
  12 goblins
  5 rats
127 creatures vanquished.

Vanquished Creatures (others)
  4 toadstools (D:1)
4 creatures vanquished.

Grand Total: 131 creatures vanquished

Notes
Turn   | Place    | Note
-------+----------+-------------------------------------------
     0 | D:1      | diana the Hill Orc Fighter began the quest for the Orb.
     0 | D:1      | Reached XP level 1. HP: 19/19 MP: 1/1
    37 | D:1      | Reached skill level 3 in Axes
    79 | D:1      | Reached XP level 2. HP: 26/26 MP: 2/2
   270 | D:1      | Reached skill level 4 in Axes
   408 | D:1      | Reached XP level 3. HP: 29/31 MP: 3/3
   687 | D:2      | Reached skill level 5 in Axes
   996 | D:2      | Noticed Jessica
  1025 | D:2      | Killed Jessica
  1025 | D:2      | Reached XP level 4. HP: 15/39 MP: 2/4
  1060 | D:2      | Reached skill level 6 in Axes
  1517 | D:2      | Found a stormy altar of Qazlal.
  2036 | D:2      | Reached XP level 5. HP: 4/45 MP: 0/5
  2314 | D:3      | Reached skill level 7 in Axes
  2697 | D:4      | Reached skill level 8 in Axes
  2697 | D:4      | Reached XP level 6. HP: 37/51 MP: 4/6
  2770 | D:4      | Noticed Blork the orc
  2788 | D:4      | Killed Blork the orc
  2788 | D:4      | Reached skill level 9 in Axes
  2871 | D:4      | Noticed Robin
  2899 | D:4      | Killed Robin
  2911 | D:4      | Got a smoking mace {crush}
  2915 | D:4      | Identified the +7 mace "Obleicw" {crush, rPois MP-9 Int+6 Stlth+} (You took it off a hobgoblin on level 4 of the Dungeon)
  2975 | D:4      | Reached XP level 7. HP: 38/57 MP: 0/7
  2991 | D:4      | Reached skill level 10 in Axes
  3303 | D:4      | Found a blossoming altar of Fedhas.
  3466 | D:4      | Noticed Ijyb
  3482 | D:4      | Killed Ijyb
  3755 | D:4      | Found a glowing silver altar of Zin.
  3758 | D:4      | Found a hazy altar of Hepliaklqana.
  3776 | D:4      | Noticed Natasha
  3779 | D:4      | Killed Natasha
  4036 | D:4      | Reached skill level 11 in Axes
  4254 | D:4      | Noticed Natasha
  4262 | D:4      | Killed Natasha
  4277 | D:5      | Entered Level 5 of the Dungeon
  4290 | D:5      | Reached XP level 8. HP: 40/64 MP: 0/8
  4346 | D:5      | Found a deep blue altar of Sif Muna.
  4356 | D:5      | Found a sparkling altar of Nemelex Xobeh.
  4526 | D:5      | Reached skill level 12 in Axes
  4534 | D:5      | Noticed Pikel
  4733 | D:6      | Slain by an orc warrior

Skill      XL: |  1  2  3  4  5  6  7  8 |
---------------+-------------------------+-----
Axes           | 3 4 5 6 8 9 11 12 | 12.2
Fighting       | |  3.6
Armour         | |  3.2
Shields        | |  3.2

Action                   |  1- 3 |  4- 6 |  7- 9 || total
-------------------------+-------+-------+-------++-------
Melee: War axe           |   102 |   173 |       ||   275
       Unarmed           |    13 |       |       ||    13
       Mace              |       |     1 |   124 ||   125
  Use: Potion            |       |       |     3 ||     3
  Eat: Chunk             |       |     6 |     2 ||     8
       Ration            |       |       |     1 ||     1
Armor: Scale mail        |    49 |    70 |    32 ||   151
       Skin              |       |     2 |       ||     2
Dodge: Dodged            |    26 |    61 |    27 ||   114
Block: Shield            |    54 |    92 |    46 ||   192
